 Seeded DCSS version 0.29-a0-384-g6960b1960d (webtiles) character file.

Game seed: 2674968660393034896 (custom seed)

2 zeratav the Caller (level 1, 0/13 HPs)
             Began as a Merfolk Summoner on May 6, 2022.
             Frozen to death by an endoplasm (2 damage)
             ... on level 1 of the Dungeon.
             The game lasted 00:00:21 (147 turns).

zeratav the Caller (Merfolk Summoner)                Turns: 147, Time: 00:00:21

Health: 0/13       AC:  2    Str:  8    XL:     1   Next: 40%
Magic:  1/3        EV: 12    Int: 14    God:
Gold:   12         SH:  0    Dex: 14    Spells: 3/4 levels left

rFire   . . .      SeeInvis .   (no weapon)
rCold   . . .      Faith    .   (no shield)
rNeg    . . .      Spirit   .   a - +0 robe
rPois   .          Reflect  .   (no helmet)
rElec   .          Harm     .   (no cloak)
rCorr   .          Rampage  .   (no gloves)
Will    .....                   (no boots)
Stlth   ++........              (no amulet)
HPRegen 0.04/turn               (no ring)
MPRegen 0.08/turn               (no ring)

@: no status effects
A: (nimble swimmer 2), mertail
a: no special abilities


You were on level 1 of the Dungeon.
You visited 1 branch of the dungeon, and saw 1 of its levels.

You collected 12 gold pieces.


Innate Abilities, Weirdness & Mutations

((You are very nimble when in or above water. (Stealth+, EV+, Speed+++)))
Your lower body shifts to a powerful aquatic tail in water.


   Skills:
 - Level 2.6 Dodging
 - Level 2.1 Stealth
 + Level 2.0 Spellcasting
 * Level 4.1 Summonings


You had 3 spell levels left.
You knew the following spells:

 Your Spells              Type           Power      Damage    Failure   Level
a - Summon Small Mammal   Summ           48%        N/A       4%          1

Your spell library contained the following spells:

 Spells                   Type           Power      Damage    Failure   Level
 Call Imp                 Summ           12%        N/A       7%          2
 Call Canine Familiar     Summ           12%        N/A       13%         3
 Summon Guardian Golem    Hex/Summ       7%         N/A       30%         3
 Summon Lightning Spire   Summ/Air       7%         N/A       71%         4

Inventory:

Armour
 a - a +0 robe (worn)
 d - a +0 scale mail
   (You found it on level 1 of the Dungeon)
Potions
 b - a potion of magic
 c - a potion of might {unknown}

Dungeon Overview and Level Annotations

Branches:
Dungeon (1/15)

Altars:

#.#.. .. .#
#.:.##.###.#.
#.?......... .
#.........#
...##.........#..
.................
......w..g...#
.########J#####
#..#...@.....#
#.#...........#
.####.##.....#.#....(##
..#..#......#.#......#
....#......#.#......#
...#....#.#.# #....#
#..#...##.#.# #...#
#..#.....⌠#.# ...# .
#..#..#####.#####..#....


You could see an endoplasm and a hobgoblin.


Message History

Your bat hits the giant cockroach.
The giant cockroach dies!
No target in view!
No target in view!
No target in view!
No target in view!
No target in view!
No target in view!
Your bat disappears in a puff of smoke!
Your bat disappears in a puff of smoke!
A goblin and an endoplasm come into view.
The goblin shouts!
HP[+3] MP[+2]
Your hp is fully restored (13).
Your mp is fully restored (3).
There are monsters nearby!
There are monsters nearby!
MP[-1]
You lost 1 mp, and now have 2/3 mp.
The goblin closely misses your bat.
A hobgoblin comes into view.
Your bat completely misses the goblin.
MP[-1]
You lost 1 mp, and now have 1/3 mp.
Your bat disappears in a puff of smoke!
MP[-1]
You lost 1 mp, and now have 0/3 mp.
What are your orders? t - Shout!
Orders for allies: a - Attack new target. r - Retreat! s - Stop attacking. g - Guard the area. f - Follow me.
Anything else - Cancel.
Gang up on whom?
Press: ? - help, Dir - move target, f - goblin
Aim: a goblin, wielding a +0 dagger (grey smoke, ally target) Attack!
Your bat barely misses the goblin.
A dart slug comes into view.
Your bat misses the goblin.
Your bat closely misses the goblin.
Your rat bites the goblin.
Your bat barely misses the goblin.
Your bat hits the goblin.
Your rat barely misses the goblin.
The goblin barely misses you.
You barely miss the goblin.
Your rat bites the goblin.
The goblin dies!
You hit the hobgoblin.
Your bat barely misses the endoplasm.
Your rat completely misses the hobgoblin.
The hobgoblin closely misses you.
You hit the hobgoblin but do no damage.
Your bat hits the endoplasm but does no damage.
Your rat bites the hobgoblin but does no damage.
The hobgoblin misses you.
The endoplasm hits your bat but does no damage.
You hit the hobgoblin but do no damage.
Your bat hits the endoplasm but does no damage.
The dart slug bites your rat.
Your rat dies!
Your rat's corpse disappears in a puff of smoke!
The hobgoblin misses you.
You closely miss the hobgoblin.
Your bat hits the endoplasm but does no damage.
The hobgoblin hits you but does no damage.
You hit the hobgoblin but do no damage. Your bat hits the endoplasm.
The endoplasm freezes you.
You are frozen.
The hobgoblin hits you.
* * * LOW HITPOINT WARNING * * *
You are too injured to fight recklessly!
HP[-9]
You take 9 damage, and now have 4/13 hp.
MASSIVE DAMAGE!! (PAUSE)
You are too injured to fight recklessly!
You are too injured to fight recklessly!
You are too injured to fight recklessly!
You are too injured to fight recklessly!
You are too injured to fight recklessly!
You are too injured to fight recklessly!
You are too injured to fight recklessly!
You are too injured to fight recklessly!
You are too injured to fight recklessly!
You are too injured to fight recklessly!
You are too injured to fight recklessly!
You are too injured to fight recklessly!
You are too injured to fight recklessly!
You are too injured to fight recklessly!
You are too injured to fight recklessly!
You are too injured to fight recklessly!
The dart slug launches a dart at you. The slug dart misses you.
Your bat hits the endoplasm but does no damage.
The endoplasm hits you.
* * * LOW HITPOINT WARNING * * *
HP[-2] MP[+1]
You take 2 damage, and now have 2/13 hp.
Something hits your bat.
Your bat dies!
Your bat's corpse disappears in a puff of smoke!
You hit the endoplasm but do no damage. The endoplasm closely misses you.
You hit the endoplasm. The endoplasm closely misses you.
You hit the endoplasm but do no damage. The endoplasm freezes you.
You are frozen.
You die...

Action                   || total
-------------------------++-------
Melee: Unarmed           ||    10
       Punch             ||     1
 Cast: Summon Small Mamm ||     5
Armor: Robe              ||     2
Dodge: Dodged            ||    10

Levels and vault maps discovered:
D:1:      matt_arrival_grand_opening, layout_rooms,
          ebering_ecumenical_altar_abandoned, serial_corexii_hall,
          chequers_hall_statues_y, corexii_hall_statues_deadend,
          corexii_hall_statues_i, chequers_hall_statues_y

Notes
Turn   | Place    | Note
-------+----------+-------------------------------------------
     0 | D:1      | zeratav the Merfolk Summoner began the quest for the Orb.
     0 | D:1      | Reached XP level 1. HP: 13/13 MP: 3/3
     0 | D:1      | magus.rc [v1.9.6]
   142 | D:1      | HP: 2/13 [endoplasm (2)]
   147 | D:1      | Frozen to death by an endoplasm

Vanquished Creatures (collateral kills)
  A giant cockroach (D:1)
  A goblin (D:1)
2 creatures vanquished.

Table legend:
 A = Non-vault XP
 B = Vault XP
 C = Vault XP percentage of total XP
 D = Non-vault monster count
 E = Vault monster count
 F = Vault count percentage of total count
                 A         B        C        D         E       F
            +---------+---------+-------+---------+---------+-------
      Total |       4 |       0 |   0.0 |       2 |       0 |   0.0
            +---------+---------+-------+---------+---------+-------
        D:1 |       4 |       0 |   0.0 |       2 |       0 |   0.0
            +---------+---------+-------+---------+---------+-------

Illustrated notes

Table legend:
 A = Kills in this place as a percentage of kills in entire the game.
 B = Kills by you in this place as a percentage of kills by you in the entire game.
 C = Kills by friends in this place as a percentage of kills by friends in the entire game.
 D = Other kills in this place as a percentage of other kills in the entire game.
 E = Experience gained in this place as a percentage of experience gained in the entire game.
 F = Experience gained in this place divided by the number of levels of this place that you have seen.
                   A       B       C       D       E      F
               +-------+-------+-------+-------+-------+----------------------
         Total | 100.0 |   N/A | 100.0 |   N/A | 100.0 |   4.0
       Dungeon | 100.0 |   N/A | 100.0 |   N/A | 100.0 |   4.0
               +-------+-------+-------+-------+-------+----------------------

Table legend: (Time is in decaauts)
 A = Elapsed time spent in this place.
 B = Non-inter-level travel time spent in this place.
 C = Inter-level travel time spent in this place.
 D = Time resting spent in this place.
 E = Time spent auto-exploring this place.
 F = Levels seen in this place.
 G = Mean time per level.
                   A        B        C        D        E       F      G
               +--------+--------+--------+--------+--------+-----+--------+
         Total |    147 |    147 |      0 |      0 |    117 |   1 |  147.0 |
       Dungeon |    147 |    147 |      0 |      0 |    117 |   1 |  147.0 |
               +--------+--------+--------+--------+--------+-----+--------+

Top non-repeatable levels by time:
     D:1: 147 daAuts
